AoeStats
← Blasius

Arena

510127972Analyzed
1v1 RM · 3d ago on Sep 29, 2026· 34m 34s· 2 players
Game mode
Random Map
Map size
Tiny (2 player)
Population
200
Speed
Normal
Resources
Standard
Victory
Conquest
Starting age
Dark Age
Ending age
Imperial Age
RankedLock teamsTeams togetherTeam positionsShared explorationLock speedFull tech treeHidden civsTurbo modeCheats
Victory
Defeat
🇦🇹 Bulgarians · Austria
1054
+15
🇺🇸 Bulgarians · United States
1039
-15
ADOBO x PRODIGY
11:18 Feudal Age
12:41 Loom
16:48 Castle Age
15:46 Double-Bit Axe
18:09 Wheelbarrow
19:15 Fletching
25:41 Scale Barding Armor
Blasius
2:40 Loom
12:34 Feudal Age
16:35 Castle Age
16:24 Fletching
17:48 Bodkin Arrow
23:10 Wheelbarrow
33:17 Hand Cart
35:20 Ballistics
Connection lost

Rejoining the realm…

Still unreachable

The connection could not be restored.

Session expired

The server has moved on; the page needs a fresh start.